 Dungeon Crawl Stone Soup version 0.30-a0-462-gd5975efbca (webtiles) character file.

Game seed: 5569279887603575215

1950 retardedninja the Cleaver (level 9, -2/81 HPs)
             Began as a Hill Orc Fighter on Dec 16, 2022.
             Slain by a wyvern (16 damage)
             ... on level 7 of the Dungeon.
             The game lasted 00:07:44 (6216 turns).

retardedninja the Cleaver (Hill Orc Fighter)        Turns: 6216, Time: 00:07:45

Health: -2/81      AC:  1    Str: 29    XL:     9   Next: 18%
Magic:  9/9        EV: 11    Int:  8    God:
Gold:   298        SH:  5    Dex: 10    Spells: 8/8 levels left

rFire   . . .      SeeInvis .    a - +0 war axe
rCold   . . .      Faith    .    c - +0 buckler
rNeg    . . .      Spirit   .    (no body armour)
rPois   .          Reflect  .    y - +0 helmet
rElec   .          Harm     .    (no cloak)
rCorr   .          Rampage  .    (no gloves)
Will    +....                    (no boots)
Stlth   +.........               (no amulet)
HPRegen 0.33/turn                i - +6 ring of strength
MPRegen 0.11/turn                e - ring of willpower

@: mighty
A: no striking features
a: no special abilities


You were on level 7 of the Dungeon.
You visited 2 branches of the dungeon, and saw 8 of its levels.
You also visited: Sewer.

You collected 298 gold pieces.

Inventory:

Hand Weapons
 a - a +0 war axe (weapon)
Missiles
 h - 4 javelins (quivered)
Armour
 c - a +0 buckler (worn)
 y - a +0 helmet (worn)
 z - a +0 chain mail
 E - a +0 plate armour
Jewellery
 e - a ring of willpower (right hand)
 i - a +6 ring of strength (left hand)
 D - an amulet of magic regeneration
Wands
 l - a wand of paralysis (23)
 x - a wand of iceblast (10)
Scrolls
 b - 2 scrolls of fear {unknown}
 f - a scroll of vulnerability {unknown}
 g - 2 scrolls of poison {unknown}
 j - 2 scrolls of enchant weapon {unknown}
 o - 2 scrolls of identify {unknown}
 p - a scroll of noise {unknown}
 s - a scroll of enchant armour {unknown}
 v - a scroll of amnesia {unknown}
 w - a scroll of butterflies {unknown}
 C - a scroll of fog {unknown}
Potions
 k - a potion of ambrosia {unknown}
 m - 3 potions of curing {unknown}
 q - a potion of resistance {unknown}
 r - a potion of heal wounds
 t - 5 potions of flight
 u - a potion of mutation {unknown}
 A - a potion of invisibility {unknown}
 B - a potion of lignification {unknown}


   Skills:
 + Level 7.9 Fighting
 + Level 8.0 Axes
 + Level 7.1 Armour
 + Level 7.2 Shields


You had 8 spell levels left.
You didn't know any spells.
Your spell library contained the following spells:

 Spells                   Type           Power      Damage    Failure   Level
 Sublimation of Blood     Necr           0%         N/A       63%         2
 Gell's Gravitas          Tloc           0%         N/A       85%         3
 Ignite Poison            Fire/Tmut/Pois 0%         N/A       85%         3
 Kindle Blastsparks       Fire/Tloc/Air  0%         2d10      85%         3
 Lesser Beckoning         Tloc           0%         N/A       85%         3
 Teleport Other           Tloc           0%         N/A       85%         3
 Vhi's Electric Charge    Tloc/Air       0%         N/A       85%         3
 Fulminant Prism          Conj/Hex       0%         3d5       99%         4
 Iskenderun's Mystic Bla  Conj/Tloc      0%         2d3       99%         4
 Petrify                  Tmut/Erth      0%         N/A       99%         4
 Arcjolt                  Conj/Air       0%         1d10      100%        5
 Freezing Cloud           Conj/Ice/Air   0%         6-21      100%        5
 Irradiate                Conj/Tmut      0%         3d11      100%        5
 Lee's Rapid Deconstruct  Erth           0%         3d4*      100%        5
 Maxwell's Capacitive Co  Air            0%         ∞         100%        8


Dungeon Overview and Level Annotations

Branches:
Dungeon (7/15)             Temple (1/1) D:5           Sewer (visited)

Altars:
Ashenzari
Cheibriados
Dithmenos
Elyvilon
Fedhas
Hepliaklqana
Makhleb
Nemelex Xobeh
Okawaru
Qazlal
Ru
Sif Muna
Uskayaw
Vehumet
Wu Jian
Xom
Yredelemnul
Zin
The Shining One

Shops:
D:1 !   D:3 [

Annotations:
D:3 1 runed translucent door, Girdio's ghost, amateur DsGl
D:7 2 runed translucent doors, indyram44's ghost, amateur DsFi


Message History

Aiming: Iceblast
Press: ? - help, Q - select action, (/) - cycle Shift-Dir - straight line, f/p - wyvern
Aim: a wyvern (moderately wounded)
The mass of ice explodes!
The iceblast engulfs the wyvern!
The wyvern is severely wounded.
Indyram44's ghost whispers, "The ORB doesn't exist."
Okay, then.
Aiming: Iceblast
Press: ? - help, Q - select action, (/) - cycle Shift-Dir - straight line, p - wyvern
Okay, then.
You closely miss the wyvern.
The wyvern is heavily wounded.
The wyvern misses you.
You closely miss the wyvern.
The wyvern is heavily wounded.
You block the wyvern's attack. The wyvern closely misses you.
You barely miss the wyvern.
The wyvern is heavily wounded.
The wyvern barely misses you. The wyvern bites you!
You barely miss the wyvern.
The wyvern is heavily wounded.
The wyvern bites you!
* * * LOW HITPOINT WARNING * * *
The wyvern completely misses you.
You feel much better. The wyvern bites you!
You feel very mighty all of a sudden. The wyvern bites you!
* * * LOW HITPOINT WARNING * * *
The wyvern bites you.
* * * LOW HITPOINT WARNING * * *
You slash the wyvern!
The wyvern is almost dead.
You block the wyvern's attack.
You closely miss the wyvern.
The wyvern is almost dead.
You block the wyvern's attack. The wyvern barely misses you.
You barely miss the wyvern.
The wyvern is almost dead.
The wyvern bites you!
You die...

?# ..# ...##
#....# #....#
#.....### ###
##.......#.(...
.......@l......
...............
##++####.......
..~≈.~ .......
.⌠~#. .......
#. .. ......( .
$. ....... #~#
.......


You could see a wyvern.

Vanquished Creatures
  Prince Ribbit (D:6)
  Sigmund (D:6)
  A steam dragon (D:6)
  3 ice beasts
  A centaur (D:6)
  2 phantoms
  2 kobold brigands (Sewer)
  A necrophage (D:4)
  2 scorpions
  2 jellies
  An orc priest (D:3)
  A gnoll bouda (D:5)
  3 hounds
  Ijyb (D:4)
  3 iguanas
  2 orc wizards
  9 adders
  7 gnolls
  2 white imps
  An ufetubus (D:7)
  2 worms (D:2)
  4 dart slugs
  24 orcs
  10 endoplasms
  8 giant cockroaches
  8 hobgoblins
  2 quokkas (D:5)
  5 ball pythons
  7 bats
  5 frilled lizards
  6 goblins
  8 kobolds
  8 rats
143 creatures vanquished.

Vanquished Creatures (others)
  An orc (D:3)
1 creature vanquished.

Grand Total: 144 creatures vanquished

Notes
Turn   | Place    | Note
-------+----------+-------------------------------------------
     0 | D:1      | retardedninja the Hill Orc Fighter began the quest for the
                  | Orb.
     0 | D:1      | Reached XP level 1. HP: 19/19 MP: 1/1
   146 | D:1      | Reached XP level 2. HP: 27/27 MP: 2/2
   151 | D:1      | Reached skill level 3 in Axes
   270 | D:1      | Found Saegerir's Distillery.
   573 | D:2      | Found a broken altar of Ashenzari.
   599 | D:2      | Reached XP level 3. HP: 33/33 MP: 3/3
   950 | D:2      | Reached XP level 4. HP: 35/40 MP: 4/4
  1695 | D:3      | Reached skill level 4 in Axes
  1695 | D:3      | Reached XP level 5. HP: 46/47 MP: 5/5
  1918 | D:3      | Found Tuofalig's Antique Armour Shop.
  1928 | D:3      | Found a runed translucent door.
  1930 | D:3      | Noticed Girdio's ghost (amateur DsGl)
  2590 | D:4      | Reached skill level 5 in Fighting
  2590 | D:4      | Reached XP level 6. HP: 46/56 MP: 6/6
  2681 | D:4      | Noticed Ijyb
  2692 | D:4      | Killed Ijyb
  2893 | D:4      | Reached skill level 5 in Axes
  2903 | D:4      | Reached skill level 5 in Shields
  3077 | D:4      | Reached skill level 5 in Armour
  3457 | D:5      | Entered Level 5 of the Dungeon
  3635 | D:5      | Reached XP level 7. HP: 59/61 MP: 7/7
  3950 | D:5      | Found a glowing drain.
  3969 | Sewer    | Entered a sewer
  4491 | Sewer    | Found a glowing silver altar of Zin.
  4587 | D:5      | Found a staircase to the Ecumenical Temple.
  4596 | D:5      | Reached skill level 6 in Axes
  4603 | Temple   | Entered the Ecumenical Temple
  4950 | D:5      | Reached XP level 8. HP: 63/71 MP: 8/8
  5519 | D:6      | Reached skill level 7 in Axes
  5683 | D:6      | Noticed Sigmund
  5691 | D:6      | Killed Sigmund
  5738 | D:6      | Reached XP level 9. HP: 62/79 MP: 9/9
  5869 | D:6      | Noticed Prince Ribbit
  5878 | D:6      | Killed Prince Ribbit
  6122 | D:7      | Reached skill level 8 in Axes
  6196 | D:7      | Noticed a two-headed ogre
  6205 | D:7      | Found a large runed translucent door.
  6205 | D:7      | Found a large runed translucent door.
  6205 | D:7      | Noticed indyram44's ghost (amateur DsFi)
  6216 | D:7      | Slain by a wyvern

Illustrated notes

Levels and vault maps discovered:
D:1:      minmay_arrival_up_and_down, layout_basic, serial_shops,
          nicolae_shop_statue_plus
D:2:      layout_basic, basic_altar
D:3:      layout_basic, serial_shops, shop, ebering_ghost_inner_flame,
          kennysheep_flooded_box
D:4:      layout_loops_ring, st_stairs_11, uniq_ijyb
D:5:      layout_rooms, minmay_temple_entry_grid, gup_sewer_entry_pipe
D:6:      layout_basic, uniq_sigmund, uniq_prince_ribbit1
D:7:      layout_cave_pods, ebering_ghost_disaster_area
Temple:   nicolae_temple_bog_church

Skill      XL: |  1  2  3  4  5  6  7  8  9 |
---------------+----------------------------+-----
Axes           | 3 4 5 6 7 8 |  8.0
Fighting       | 4 5 6 7 |  7.9
Armour         | 4 5 6 7 |  7.1
Shields        | 4 5 6 7 |  7.2

Action                   |  1- 3 |  4- 6 |  7- 9 || total
-------------------------+-------+-------+-------++-------
Melee: War axe           |    93 |   131 |   246 ||   470
Throw: Javelin           |    10 |     2 |       ||    12
Evoke: Wand              |       |       |     2 ||     2
  Use: Scroll            |       |     1 |     1 ||     2
       Potion            |       |       |     6 ||     6
Armor: Scale mail        |    58 |    47 |       ||   105
       Chain mail        |       |     2 |   157 ||   159
Dodge: Dodged            |    47 |    74 |   104 ||   225
Block: Buckler           |    22 |    23 |    59 ||   104

Table legend: (Time is in decaauts)
 A = Elapsed time spent in this place.
 B = Non-inter-level travel time spent in this place.
 C = Inter-level travel time spent in this place.
 D = Time resting spent in this place.
 E = Time spent auto-exploring this place.
 F = Levels seen in this place.
 G = Mean time per level.
                   A        B        C        D        E       F      G
               +--------+--------+--------+--------+--------+-----+--------+
         Total |   6396 |   6177 |    219 |    964 |   3977 |   9 |  710.7 |
       Dungeon |   5622 |   5426 |    196 |    602 |   3682 |   7 |  803.1 |
        Temple |    154 |    131 |     23 |      0 |    117 |   1 |  154.0 |
         Sewer |    620 |    620 |      0 |    362 |    178 |   1 |  620.0 |
               +--------+--------+--------+--------+--------+-----+--------+

Top non-repeatable levels by time:
     D:4: 1111 daAuts
     D:2: 1091 daAuts
     D:3: 976 daAuts
     D:6: 938 daAuts
     D:5: 866 daAuts
   Sewer: 620 daAuts
     D:1: 515 daAuts
  Temple: 154 daAuts
     D:7: 122 daAuts
